 Dungeon Crawl Stone Soup version 0.21.1-1-g345015f (webtiles) character file.

143 iamserjio the Sneak (level 5, -3/31 HPs)
             Began as an Octopode Conjurer on Apr 12, 2018.
             Slain by a gnoll (7 damage)
             ... on level 3 of the Dungeon.
             The game lasted 00:10:49 (3719 turns).

iamserjio the Sneak (Octopode Conjurer)             Turns: 3719, Time: 00:10:50

Health: -3/31      AC:  1    Str:  8    XL:     5   Next: 25%
Magic:  6/9        EV: 13    Int: 18    God:
Gold:   143        SH:  0    Dex: 12    Spells: 6/9 levels left

rFire    . . .     SeeInvis .   g - +0 dagger
rCold    . . .     Gourm    .   (no shield)
rNeg     . . .     Faith    .   (helmet restricted)
rPois    .         Spirit   .   (no amulet)
rElec    .         Reflect  .   (no ring)
rCorr    .         Harm     .   (no ring)
MR       .....                  (no ring)
Stlth    ++++......             (no ring)
HPRegen  0.10/turn              (no ring)
MPRegen  0.11/turn              (no ring)
                                (no ring)
                                (no ring)

@: no status effects
A: almost no armour, stealthy swim, amphibious, 8 rings, constrict 8, camouflage
1, gelatinous body 1
a: no special abilities


You were on level 3 of the Dungeon.
You were not hungry.

You visited 1 branch of the dungeon, and saw 4 of its levels.

You collected 143 gold pieces.

Inventory:

Hand Weapons
 d - a +0 club
 g - a +0 dagger (weapon)
 h - a +0 hunting sling
 s - a +4 short sword
Missiles
 e - 3 javelins (quivered)
 f - 45 stones
Jewellery
 l - an uncursed ring of ice {unknown}
 u - a cursed ring of teleportation {unknown}
Scrolls
 c - a scroll of amnesia {unknown}
 i - 3 scrolls of remove curse {unknown}
 j - a scroll of random uselessness {unknown}
 k - 2 scrolls of identify {unknown}
 m - a scroll of blinking {unknown}
 p - a scroll of magic mapping {unknown}
Potions
 n - 2 potions of curing {unknown}
 o - a potion of resistance {unknown}
 q - a potion of cancellation {unknown}
 r - a potion of ambrosia {unknown}
 t - a potion of haste {unknown}
 v - a potion of invisibility {unknown}
 w - a potion of degeneration {unknown}
 x - a potion of experience {unknown}
Books
 a - a book of Conjurations

   Spells                             Type                      Level
   a - Magic Dart                     Conjuration                  1
   b - Searing Ray                    Conjuration                  2
   c - Dazzling Spray                 Conjuration/Hexes            3
   d - Fulminant Prism                Conjuration/Hexes            4
   e - Force Lance                    Conjuration/Translocation    4
   f - Iskenderun's Mystic Blast      Conjuration                  4
Comestibles
 b - 8 rations


   Skills:
 - Level 2.0 Dodging
 * Level 5.7 Stealth
 + Level 2.9 Spellcasting
 + Level 4.6 Conjurations


You had 6 spell levels left.
You knew the following spells:

 Your Spells              Type           Power        Failure   Level  Hunger
a - Magic Dart            Conj           ###.         2%          1    None
b - Searing Ray           Conj           ###...       3%          2    ##.....


Dungeon Overview and Level Annotations

Branches:
Dungeon (4/15)
 Temple: D:4-7

Altars:
The Shining One

Annotations:
D:3 soepske's ghost, amateur DsBe
D:4 1 runed door


Innate Abilities, Weirdness & Mutations

You cannot wear most types of armour.
You are very stealthy in the water. (Stealth+)
You are amphibious.
You can wear up to eight rings at the same time.
You can use your tentacles to constrict eight enemies at once.
Your skin changes colour to match your surroundings (Stealth+).
Your rubbery body absorbs attacks. (AC +1, EV +1)


Message History

The magic dart hits the orc priest.
The orc priest is lightly wounded.
The orc priest invokes the aid of Beogh against you.
Beogh smites you!
The orc priest looks braver for a moment.
The gnoll barely misses you. The gnoll hits you.
The orc priest calls down the wrath of Beogh upon you.
Beogh smites you!
* * * LOW HITPOINT WARNING * * *
The gnoll shouts!
There is a stone staircase leading up here.
The gnoll completely misses you.
You climb upwards.
Level annotation: soepske's ghost, amateur DsBe Soepske's ghost hits you.
* * * LOW HITPOINT WARNING * * *
There is a stone staircase leading down here.
The gnoll hits you!
You die...

............................#
##########################.##
########### #........#.#
#.........# #.######.#.#
##.#######.# #.# #.#.# ...#
#.# #.# #.#.# #### #.# #.#
#.#.# ##########.######g#
#.#.# ................@>#
#.#.# ########...#.####W#
#.#.# # #.#.#..###.# #.#.#
#.......##.# #.#.#
######.##.##.##.# #.#.#
#......##.##.##.# #.#.#
#.####..........# #.#.#
###....#..#.#.....# #.#.#
.......#...รท.#.#..#### #.#.#


You could see soepske's ghost and a gnoll.

Vanquished Creatures
  An orc wizard (D:4)
  4 adders
  5 dart slugs
  2 leopard geckos
  3 orcs
  8 bats
  2 giant cockroaches (D:2)
  8 goblins
  6 hobgoblins
  6 jackals (D:1)
  2 quokkas
  4 frilled lizards
  12 kobolds
  3 rats
66 creatures vanquished.

Notes
Turn   | Place    | Note
-------+----------+-------------------------------------------
     0 | D:1      | iamserjio the Octopode Conjurer began the quest for the Orb.
     0 | D:1      | Reached XP level 1. HP: 11/11 MP: 3/3
    86 | D:1      | Reached skill level 3 in Stealth
   148 | D:1      | Reached XP level 2. HP: 17/17 MP: 0/5
   410 | D:1      | Learned a level 2 spell: Searing Ray
   793 | D:1      | Reached XP level 3. HP: 21/21 MP: 6/6
  1099 | D:2      | Reached skill level 4 in Stealth
  1734 | D:2      | Reached XP level 4. HP: 20/27 MP: 5/7
  2712 | D:3      | Reached skill level 5 in Stealth
  3378 | D:3      | Noticed soepske's ghost (amateur DsBe)
  3541 | D:4      | Found a glowing golden altar of the Shining One.
  3543 | D:4      | Found a runed door.
  3543 | D:4      | Noticed an angel
  3662 | D:4      | Reached XP level 5. HP: 31/31 MP: 6/9
  3719 | D:3      | Slain by a gnoll

Skill      XL: |  1  2  3  4 |
---------------+-------------+-----
Stealth        | 3 4 5 |  5.7
Dodging        | |  2.0
Spellcasting   | |  2.9
Conjurations   | |  4.6

Action                   |  1- 3 |  4- 6 || total
-------------------------+-------+-------++-------
Melee: Club              |     3 |       ||     3
       Dagger            |    63 |    27 ||    90
       Constrict         |    21 |     7 ||    28
       Tentacles         |     8 |     3 ||    11
 Cast: Magic Dart        |    24 |    36 ||    60
       Searing Ray       |     1 |     3 ||     4
 Stab: Sleeping          |    11 |     4 ||    15
  Eat: Chunk             |     3 |     6 ||     9
Armor: Skin              |    10 |     2 ||    12
Dodge: Dodged            |    50 |    14 ||    64
